 Dungeon Crawl Stone Soup version 0.31-a0-1074-g0b22e4e0f1 (webtiles) character file.

Game seed: 10008866958817406721

30840 BigPumpCobain the Mimic (level 13, -1/158 HPs)
             Began as a Troll Shapeshifter on Dec 5, 2023.
             Was a High Priest of Trog.
             Slain by a death yak (16 damage)
             ... on level 2 of the Lair of Beasts.
             The game lasted 00:22:41 (9506 turns).

BigPumpCobain the Mimic (Troll Shapeshifter)        Turns: 9506, Time: 00:22:42

Health: -1/158     AC: 10    Str: 34    XL:     13   Next: 22%
Magic:  12/12      EV: 17    Int:  6    God:    Trog [*****.]
Gold:   785        SH:  5    Dex:  9    Spells: 12/12 levels left

rFire   . .          .
                       - Unarmed
rCold   . . .        (shield currently unavailable)
rNeg    . . .        J - melded +0 troll leather armour
rPois   .            (helmet currently unavailable)
rElec   .            (cloak currently unavailable)
rCorr   .            (gloves unavailable)
SInv    .            (boots unavailable)
Will    ++...        E - amulet of reflection
Stlth   +            l - +4 ring of slaying
HPRegen 2.26/turn    F - +5 ring of evasion
MPRegen 0.13/turn

%: reflection
@: lethally poisoned (-1 -> -1), snake-form, strong-willed, on berserk cooldown,
regenerating, slowed, very slow
A: constrict, boosted hp, large, unfitting armour, (claws 3), regeneration 1,
(shaggy fur 1), (tough skin 1)
a: Begin Untransformation, Renounce Religion, Berserk, Trog's Hand, Brothers in
Arms


You were on level 2 of the Lair of Beasts.
You worshipped Trog.
Trog was extremely pleased with you.
You were an enormous anaconda.
You visited 3 branches of the dungeon, and saw 14 of its levels.

You collected 785 gold pieces.

Inventory:

Hand Weapons
 H - the +3 flail of Crawling {spect, rElec Dex+3 SInv}
   (You found it on level 8 of the Dungeon)

   Dex+3:     It affects your dexterity (+3).
   rElec:     It insulates you from electricity.
   SInv:      It lets you see invisible.
 K - a +2 antimagic hand axe
Missiles
 G - 2 throwing nets
Armour
 J - a +0 troll leather armour (melded)
 L - +0 acid dragon scales
Jewellery
 l - a +4 ring of slaying (left hand)
 A - a ring of poison resistance
 E - an amulet of reflection (around neck)
 F - a +5 ring of evasion (right hand)
 N - a ring of willpower
 O - an amulet of regeneration
Talismans
 c - a beast talisman
 d - a flux talisman
 D - a serpent talisman (active)
Wands
 p - a wand of flame (61)
 v - a wand of polymorph (7)
 x - a wand of acid (2)
 B - a wand of iceblast (22)
 I - a wand of charming (15)
Scrolls
 a - a scroll of vulnerability {unknown}
 f - 13 scrolls of identify {unknown}
 g - 2 scrolls of fog {unknown}
 h - 9 scrolls of teleportation {unknown}
 i - a scroll of poison {unknown}
 j - 2 scrolls of amnesia {unknown}
 m - 3 scrolls of immolation {unknown}
 n - 2 scrolls of fear {unknown}
 t - 2 scrolls of blinking {unknown}
 u - a scroll of enchant armour {unknown}
 w - 2 scrolls of enchant weapon {unknown}
 y - a scroll of summoning {unknown}
Potions
 b - a potion of lignification
 e - 5 potions of attraction
 k - 4 potions of curing {unknown}
 o - a potion of degeneration {unknown}
 q - 2 potions of mutation {unknown}
 r - a potion of haste {unknown}
 s - a potion of enlightenment {unknown}
 z - 6 potions of heal wounds {unknown}
 C - a potion of magic {unknown}
 M - 2 potions of brilliance {unknown}


   Skills:
 + Level 9.7 Fighting
 + Level 8.1 Dodging
 + Level 11.9 Unarmed Combat
 * Level 12.5 Shapeshifting


You had 12 spell levels left.
You didn't know any spells.
Your spell library contained the following spells:

 Spells                   Type           Power      Damage    Failure   Level
 Shock                    Conj/Air       0%         1d3       45%         1
 Stone Arrow              Conj/Erth      0%         3d7       83%         3
 Swiftness                Air            0%         N/A       83%         3
 Tukima's Dance           Hex            0%         N/A       83%         3
 Airstrike                Air            0%         2d(0-16)  99%         4
 Animate Armour           Summ/Erth      0%         N/A       99%         4
 Passage of Golubria      Tloc           0%         N/A       99%         4
 Yara's Violent Unravell  Hex/Tmut       0%         3d3       100%        5
 Lehudib's Crystal Spear  Conj/Erth      0%         10d2      100%        8


Dungeon Overview and Level Annotations

Branches:
Dungeon (12/15)            Temple (1/1) D:4            Lair (2/5) D:10
    Orc (0/2) D:12
  Swamp: Lair:2-3    Shoals: Lair:2-3     Snake: Lair:2-3    Spider: Lair:2-3

Altars:
Ashenzari
Cheibriados
Dithmenos
Elyvilon
Fedhas
Gozag
Hepliaklqana
Kikubaaqudgha
Makhleb
Nemelex Xobeh
Okawaru
Qazlal
Ru
Sif Muna
Trog
Uskayaw
Vehumet
Wu Jian
Xom
Yredelemnul
Zin
The Shining One

Shops:
D:3 !   D:5 [*   D:8 ?[?   D:10 *   D:12 !

Annotations:
D:6 2 transporters, justen's ghost, novice TrSh
D:8 2 transporters


Innate Abilities, Weirdness & Mutations

You are an enormous anaconda.
You have a powerful constriction melee attack.
Your maximum health is increased.
Your armour is entirely melded.
You are incapable of wielding weapons or throwing items.
You are too large for most types of armour.
((You have claws for hands.))
Your natural rate of healing is unusually fast.
((You are covered in fur. (AC +1)))
((You have tough skin. (AC +1)))


Message History

You constrict the death yak. You hit the death yak.
The death yak is almost dead.
You constrict the death yak. The water moccasin bites you.
You are poisoned.
The water moccasin poisons you! The death yak misses you.
The death yak gores you but does no damage.
The elephant misses you. x2
You barely miss the water moccasin. You constrict the death yak.
You kill the death yak!
Trog accepts your kill.
You feel sick. The water moccasin bites you.
You crush the water moccasin!!!
You kill the water moccasin!
Trog accepts your kill.
You are no longer berserk.
You are exhausted.
You feel yourself slow down.
You feel sick. The death yak gores you! The elephant tramples you.
You stumble backwards!
Okay, then.
Your skin crawls.
You feel strong-willed.
You feel very sick.
The death yak gores you but does no damage. x2
The elephant misses you. x2
Your two-headed ogre goes berserk!
You feel very sick. The death yak gores you!
* * * LOW HITPOINT WARNING * * *
The death yak gores you but does no damage.
The elephant tramples you!
* * * LOW HITPOINT WARNING * * *
You hold your ground!
The elephant trunk-slaps you but does no damage.
The death yak gores you.
* * * LOW HITPOINT WARNING * * *
The death yak gores you!
* * * LOW HITPOINT WARNING * * *
The death yak gores you!
You die...

#...........#
##....#......#
#.....#...P..
##...........
##.#....P...#
.... .Y.#...# .#
...sY+#Y....#..#.
...lYYYYY†.......
#....#YS.........
... #.O.........
. ...............
#.#............
................
###.#.##..#.#####
##.# ###### ##


You could see 7 death yaks, 2 elephants, a basilisk, a scorpion and a friendly
two-headed ogre (summoned, berserk).

Vanquished Creatures
  Gastronok (D:8)
  The ghost of tnk the Cleaver, a journeyman DrWr of Yredelemnul (D:12)
  Erolcha (D:11)
  6 two-headed ogres
  A death yak (Lair:2)
  2 boulder beetles
  2 deep elf pyromancers (D:12)
  2 orc knights
  The ghost of Dittersdorf the Trooper, a novice GrFi of Gozag (D:5)
  4 elephants (Lair:2)
  A cyclops (D:10)
  2 black mambas (Lair:1)
  A cane toad (Lair:1)
  A gargoyle (D:11)
  5 kobold demonologists
  4 komodo dragons
  3 unseen horrors (D:12)
  5 trolls
  A hornet (D:7)
  Grinder (D:4)
  Sigmund (D:5)
  A spriggan (D:10)
  A wyvern (D:10)
  A wraith (D:12)
  31 yaks
  Eustachio (D:4)
  3 basilisks
  Menkaure (D:4)
  10 wargs
  2 acid dragons
  2 water moccasins
  18 orc warriors
  2 black bears
  2 sky beasts
  4 ogres
  A centaur (D:6)
  A phantom (D:6)
  Blork the orc (D:5)
  5 kobold brigands
  2 bullfrogs (Lair:1)
  6 gnoll sergeants (D:10)
  4 scorpions
  6 killer bees (D:8)
  16 howler monkeys
  3 hounds
  5 gnoll boudas
  20 orc priests
  2 sleepcaps
  An iguana (D:6)
  Ijyb (D:5)
  16 orc wizards
  3 hound zombies (D:3)
  The ghost of waewhow the Sneak, a weakling VSDe (D:4)
  A mummy (D:4)
  12 gnolls
  11 adders
  A shadow imp (D:7)
  2 white imps
  2 ufetubi (D:7)
  3 worms
  5 dart slugs
  80 orcs
  8 bats
  8 endoplasms
  6 giant cockroaches
  8 goblins
  5 hobgoblins
  3 jackals (D:4)
  18 kobolds
  4 quokkas
  5 ball pythons
  3 frilled lizards
  A giant cockroach zombie (D:3)
  3 hobgoblin zombies (D:4)
  An orc zombie (D:4)
  5 rats
414 creatures vanquished.

Notes
Turn   | Place    | Note
-------+----------+-------------------------------------------
     0 | D:1      | BigPumpCobain the Troll Shapeshifter began the quest for
                  | the Orb.
     0 | D:1      | Reached XP level 1. HP: 18/18 MP: 0/0
    12 | D:1      | Reached skill level 1 in Fighting
    37 | D:1      | Found a faded altar of an unknown god.
    45 | D:1      | Reached XP level 2. HP: 27/27 MP: 1/1
   415 | D:1      | Reached XP level 3. HP: 35/35 MP: 2/2
   790 | D:2      | Identified the +0 leather armour of Castoka {rElec rN+}
   795 | D:2      | Reached XP level 4. HP: 42/42 MP: 3/3
  1283 | D:3      | Found Momniak's Distillery.
  1539 | D:3      | Found an ancient bone altar of Kikubaaqudgha.
  1575 | D:3      | Reached XP level 5. HP: 52/52 MP: 4/4
  1750 | D:3      | Found a basalt altar of Yredelemnul.
  1828 | D:4      | Noticed Menkaure
  1831 | D:4      | Killed Menkaure
  1832 | D:4      | Reached skill level 5 in Unarmed Combat
  1832 | D:4      | Reached XP level 6. HP: 53/61 MP: 5/5
  2085 | D:4      | Found a hazy altar of Hepliaklqana.
  2145 | D:4      | Noticed Eustachio
  2166 | D:4      | Killed Eustachio
  2271 | D:4      | Found a runed translucent door.
  2274 | D:4      | Noticed waewhow's ghost (weakling VSDe)
  2284 | D:4      | Killed waewhow's ghost
  2384 | D:4      | Noticed Grinder
  2388 | D:4      | Killed Grinder
  2389 | D:4      | Reached XP level 7. HP: 71/71 MP: 6/6
  2462 | D:4      | Found a staircase to the Ecumenical Temple.
  2471 | Temple   | Entered the Ecumenical Temple
  2495 | Temple   | Became a worshipper of Trog the Wrathful
  2642 | D:5      | Entered Level 5 of the Dungeon
  2669 | D:5      | Found Haorumoz's General Store.
  2683 | D:5      | Noticed Sigmund
  2693 | D:5      | Killed Sigmund
  2694 | D:5      | Reached skill level 5 in Fighting
  2778 | D:5      | Found a glowing golden altar of the Shining One.
  2841 | D:5      | Noticed Blork the orc
  2850 | D:5      | Killed Blork the orc
  2851 | D:5      | Reached XP level 8. HP: 53/81 MP: 7/7
  2931 | D:5      | Found a runed translucent gate.
  2932 | D:5      | Found a runed translucent gate.
  2933 | D:5      | Found a runed translucent gate.
  2945 | D:5      | Noticed Dittersdorf's ghost (novice GrFi)
  3101 | D:5      | Found a white marble altar of Elyvilon.
  3104 | D:5      | Noticed Ijyb
  3329 | D:5      | Killed Ijyb
  3384 | D:5      | Found Usma's Armour Shop.
  3486 | D:5      | Killed Dittersdorf's ghost
  3487 | D:5      | Reached skill level 4 in Shapeshifting
  3609 | D:6      | Reached * piety under Trog
  3684 | D:6      | Found a transporter.
  3686 | D:6      | Found a transporter.
  3686 | D:6      | Noticed justen's ghost (novice TrSh)
  3734 | D:6      | Reached skill level 5 in Shapeshifting
  3734 | D:6      | Reached XP level 9. HP: 82/89 MP: 8/8
  4376 | D:7      | Reached ** piety under Trog
  4431 | D:7      | Reached skill level 6 in Shapeshifting
  4786 | D:8      | Found Wefyhui's Antique Armour Emporium.
  4811 | D:8      | Reached skill level 7 in Shapeshifting
  4811 | D:8      | Reached XP level 10. HP: 55/100 MP: 9/9
  4944 | D:8      | Found a shimmering blue altar of Sif Muna.
  4955 | D:8      | Reached *** piety under Trog
  5019 | D:8      | Identified the +3 flail of Crawling {spect, rElec Dex+3
                  | SInv}
  5057 | D:8      | Noticed Gastronok
  5082 | D:8      | Killed Gastronok
  5083 | D:8      | Reached skill level 8 in Shapeshifting
  5101 | D:8      | Found a snail-covered altar of Cheibriados.
  5142 | D:8      | Found a sacrificial altar of Ru.
  5180 | D:8      | Found a transporter.
  5180 | D:8      | Found Kos Qerho's Magic Scroll Shop.
  5216 | D:8      | Found a transporter.
  5246 | D:8      | Found a sparkling altar of Nemelex Xobeh.
  5261 | D:8      | Found Raitsi's Magic Scroll Emporium.
  5292 | D:8      | You fall into a shaft and drop 2 floors!
  5292 | D:10     | Entered Level 10 of the Dungeon
  5315 | D:10     | Reached skill level 5 in Dodging
  5319 | D:10     | Noticed a two-headed ogre
  5330 | D:10     | Killed a two-headed ogre
  5383 | D:10     | Noticed a two-headed ogre
  5390 | D:10     | Killed a two-headed ogre
  5416 | D:10     | Reached XP level 11. HP: 93/110 MP: 10/10
  5426 | D:10     | Noticed a two-headed ogre
  5434 | D:10     | Killed a two-headed ogre
  5435 | D:10     | Reached skill level 9 in Shapeshifting
  5548 | D:10     | Reached **** piety under Trog
  5549 | D:10     | Reached skill level 10 in Unarmed Combat
  5674 | D:10     | Found Sosu's General Store.
  5748 | D:10     | Found a staircase to the Lair.
  5792 | D:10     | Noticed a two-headed ogre
  5801 | D:10     | Killed a two-headed ogre
  5894 | D:10     | Noticed a boulder beetle
  5909 | D:10     | Killed a boulder beetle
  5910 | D:10     | Reached skill level 10 in Shapeshifting
  5988 | D:10     | Found a burning altar of Makhleb.
  6150 | D:10     | Noticed a two-headed ogre
  6159 | D:10     | Killed a two-headed ogre
  6207 | D:10     | Noticed a sun demon
  6347 | D:10     | Noticed an orc knight
  6464 | D:10     | Killed an orc knight
  6518 | D:10     | Reached XP level 12. HP: 122/122 MP: 11/11
  6679 | D:10     | Found an ornate altar of the Wu Jian Council.
  6849 | D:11     | Noticed a two-headed ogre
  6852 | D:11     | Killed a two-headed ogre
  6898 | D:11     | Noticed Erolcha
  6907 | D:11     | Killed Erolcha
  6907 | D:11     | Reached ***** piety under Trog
  6908 | D:11     | Reached skill level 11 in Shapeshifting
  7184 | D:11     | Received a gift from Trog
  7600 | D:12     | Found a staircase to the Orcish Mines.
  7680 | D:12     | Found Jalil's Distillery.
  8106 | D:12     | Reached skill level 12 in Shapeshifting
  8110 | D:12     | HP: 7/148 [orc/+0 hand axe (7)]
  8308 | D:12     | Found a runed translucent door.
  8309 | D:12     | Noticed tnk's ghost (journeyman DrWr)
  8475 | D:12     | Killed tnk's ghost
  8596 | Lair:1   | Entered Level 1 of the Lair of Beasts
  8821 | Lair:1   | Reached XP level 13. HP: 131/131 MP: 12/12
  8928 | Lair:1   | Identified the +3 rapier of Spite {heavy, Contam *Rage rN++
                  | Dex+8} (Trog gifted it to you on level 1 of the Lair of
                  | Beasts)
  8928 | Lair:1   | Received a gift from Trog
  9506 | Lair:2   | Slain by a death yak

Illustrated notes

Levels and vault maps discovered:
D:1:      dpeg_arrival_round_b, layout_loops_ring,
          hellmonk_ecumenical_altar_crossroads
D:2:      layout_loops_ring, kennysheep_big_empty_room
D:3:      layout_loops_ring, kiku_gazebo_pond_becter,
          nicolae_yredelemnul_corpse_copse, serial_glass, glass_columns_a,
          glass_columns_b, minmay_strange_pillars, item_on_display_a,
          due_unseen_surprise, serial_shops, nicolae_square_shop
D:4:      nicolae_cairo_tiling_large, layout_basic, mainiacjoe_overflow_catwalk,
          lemuel_temple_firewalk_b, ebering_ghost_sewer_d, minmay_mini_ossuary,
          uniq_grinder, uniq_menkaure, uniq_eustachio
D:5:      layout_basic, tso_metal_star, elyvilon_altar_5, serial_shops, shop,
          shop, ebering_ghost_rock_garden, kennysheep_generic_room_15,
          uniq_ijyb, uniq_blork_the_orc, uniq_sigmund
D:6:      layout_loops_cross, gammafunk_ghost_arena, grunt_ministairs_6
D:7:      layout_basic
D:8:      layout_cave_pools, nemelex_diamond_rough_becter,
          nicolae_ru_great_annihilating_truth, nicolae_sif_muna_condensation,
          kennysheep_slug_shrine, serial_shops, nicolae_shop_drivethru,
          nicolae_shop_tiny_statue_garden,
          nicolae_shop_temple_entry_statues_fountains, uniq_gastronok
D:10:     lemuel_castle_with_subvaults [lemuel_castle_interior_carwin_3],
          layout_stronghold, pdpol_wu_jian_five_deadly_venoms, kennysheep_mini,
          david_lair_shrubbed, nicolae_take_the_stairs, the_hattery
D:11:     layout_loops_ring, special_room [special_room_orc], uniq_erolcha
D:12:     layout_roguey [special_room_orc], david_orc_3, serial_shops,
          nicolae_shop_industrial_runoff, gammafunk_ghost_grave,
          minmay_misc_feat_alley
Temple:   bh_familiar_temple
Lair:1:   layout_cave_pods, nzn_sisyphean_effort
Lair:2:   layout_chaotic_city, serial_bayou_ford_a, lemuel_fruit_tree

Skill      XL: |  1  2  3  4  5  6  7  8  9 10 11 12 13 |
---------------+----------------------------------------+-----
Fighting       | 1 2 3 4 5 6 7 8 9 |  9.7
Unarmed Combat | 4 5 6 7 8 9 10 11 | 11.9
Dodging        | 3 4 5 6 7 8 |  8.1
Shapeshifting  | 5 7 8 10 12 | 12.5

Action                     |  1- 3 |  4- 6 |  7- 9 | 10-12 | 13-15 || total
---------------------------+-------+-------+-------+-------+-------++-------
  Melee: Unarmed           |    69 |   134 |   211 |   494 |    49 ||   957
         Punch             |     1 |     1 |    11 |    18 |       ||    31
         Constrict         |       |       |       |    44 |     7 ||    51
 Invoke: Berserk           |       |       |       |     5 |     1 ||     6
         Trog's Hand       |       |       |       |     1 |     1 ||     2
         Brothers in Arms  |       |       |       |       |     1 ||     1
    Use: Potion            |       |     1 |       |       |       ||     1
   Stab: Paralysed         |       |       |       |     1 |       ||     1
 Armour: Animal skin       |    39 |   103 |   131 |    81 |       ||   354
         Skin              |       |    10 |     9 |   111 |    59 ||   189
         Troll leather arm |       |       |       |    34 |       ||    34
  Dodge: Dodged            |    25 |    83 |   108 |   253 |    42 ||   511
  Block: Other             |       |       |     2 |    72 |    13 ||    87
         Reflection        |       |       |       |     2 |       ||     2
   Form: Anaconda          |       |       |       |     1 |       ||     1

Table legend: (Time is in decaauts)
 A = Elapsed time spent in this place.
 B = Non-inter-level travel time spent in this place.
 C = Inter-level travel time spent in this place.
 D = Time resting spent in this place.
 E = Time spent auto-exploring this place.
 F = Levels seen in this place.
 G = Mean time per level.
                   A        B        C        D        E       F      G
               +--------+--------+--------+--------+--------+-----+--------+
         Total |   9354 |   8909 |    445 |     78 |   7041 |  14 |  668.1 |
       Dungeon |   8423 |   8083 |    340 |     78 |   6312 |  11 |  765.7 |
        Temple |     42 |      1 |     41 |      0 |      0 |   1 |   42.0 |
          Lair |    888 |    825 |     63 |      0 |    729 |   2 |  444.0 |
               +--------+--------+--------+--------+--------+-----+--------+

Top non-repeatable levels by time:
    D:10: 1545 daAuts
    D:12: 945 daAuts
  Lair:1: 870 daAuts
     D:5: 846 daAuts
     D:4: 812 daAuts
    D:11: 735 daAuts
     D:2: 706 daAuts
     D:6: 702 daAuts
     D:3: 545 daAuts
     D:7: 541 daAuts
     D:1: 532 daAuts
     D:8: 510 daAuts
  Temple: 42 daAuts
  Lair:2: 18 daAuts
